 Dungeon Crawl Stone Soup version 0.22.0-6-g71bd7aa (webtiles) character file.

6071 magipi the Destroyer (level 10, -7/63 HPs)
             Began as a Gargoyle Fire Elementalist on Aug 14, 2018.
             Was an Elder of the Shining One.
             Mangled by a sphinx (11 damage)
             ... while paralysed by a sphinx
             ... on level 9 of the Dungeon.
             The game lasted 00:42:28 (9463 turns).

magipi the Destroyer (Gargoyle Fire Elementalist)   Turns: 9463, Time: 00:42:28

Health: -7/63      AC: 11    Str: 13    XL:     10   Next: 87%
Magic:  9/16       EV:  2    Int: 18    God:    the Shining One [****..]
Gold:   566        SH:  0    Dex: 10    Spells: 9/17 levels left

rFire    . . .     SeeInvis .   a - +2 dagger (venom)
rCold    + . .     Gourm    .   (no shield)
rNeg     + + +     Faith    .   u - +2 robe {rC+}
rPois    ∞         Spirit   .   (no helmet)
rElec    +         Reflect  .   y - scarf {repulsion}
rCorr    .         Harm     .   (no gloves)
MR       .....                  (no boots)
Stlth    +.........             r - amulet of regeneration
HPRegen  0.60/turn              z - ring of wizardry
MPRegen  0.15/turn              B - ring of flight

@: paralysed, very slightly contaminated, glowing, repel missiles
A: negative energy resistance 1, electricity resistance, unbreathing,
petrification resistance, rot immunity, AC +7
a: Divine Shield, Cleansing Flame, Renounce Religion, Evoke Flight


You were on level 9 of the Dungeon.
You worshipped the Shining One.
The Shining One was greatly pleased with you.
You were not hungry.

You visited 2 branches of the dungeon, and saw 10 of its levels.
You also visited: Ossuary.

You collected 566 gold pieces.

Inventory:

Hand Weapons
 a - a +2 dagger of venom (weapon)
   (You found it on level 6 of the Dungeon)
 b - a +1 whip of flaming
   (You took it off Pikel on level 5 of the Dungeon)
 i - a +2 fustibalus of freezing
   (You found it on level 8 of the Dungeon)
 E - a +0 war axe
   (You found it on level 5 of the Dungeon)
Missiles
 e - 2 throwing nets (quivered)
 f - 200 arrows
Armour
 u - a +2 robe of cold resistance (worn)
   (You took it off Pikel on level 5 of the Dungeon)
 y - a scarf of repulsion (worn)
   (You found it on level 9 of the Dungeon)
Jewellery
 k - an uncursed ring of fire
   (You found it on level 9 of the Dungeon)
 r - an amulet of regeneration (around neck)
   (You found it on level 8 of the Dungeon)
 z - a ring of wizardry (left hand)
   (You found it on level 5 of the Dungeon)
 B - a ring of flight (right hand)
   (You found it in an ossuary)
 J - a cursed ring of resist corrosion {unknown}
   (You took it off an orc priest on level 9 of the Dungeon)
Wands
 l - a wand of flame (31)
   (You found it on level 3 of the Dungeon)
 w - a wand of paralysis (30)
   (You found it on level 5 of the Dungeon)
Scrolls
 g - 2 scrolls of enchant armour
 m - a scroll of fog
 v - 2 scrolls of blinking
 x - a scroll of magic mapping
 D - 2 scrolls of noise
 F - 4 scrolls of teleportation
 H - 4 scrolls of enchant weapon
 I - a scroll of remove curse
Potions
 d - a potion of agility {unknown}
 h - 2 potions of heal wounds
 j - 2 potions of resistance {unknown}
 n - 2 potions of might
 o - 2 potions of berserk rage {unknown}
 p - a potion of lignification
 q - 3 potions of curing
 s - 3 potions of flight
 t - 2 potions of mutation {unknown}
 A - a potion of magic {unknown}
 G - a potion of haste {unknown}
Comestibles
 c - 11 rations


   Skills:
 + Level 7.2 Fighting
 - Level 1.5 Dodging
 - Level 2.1 Stealth
 - Level 4.0 Spellcasting
 - Level 8.0 Conjurations
 - Level 8.0 Fire Magic
 + Level 7.2 Invocations
 + Level 6.0 Evocations


You had 9 spell levels left.
You knew the following spells:

 Your Spells              Type           Power        Failure   Level  Hunger
a - Flame Tongue          Conj/Fire      ####.        1%          1    None
c - Conjure Flame         Conj/Fire      ####....     1%          3    ###....
y - Sticky Flame          Conj/Fire      ####....     2%          4    ####...

Your spell library contained the following spells:

 Spells                   Type           Power        Failure   Level  Hunger
 Fireball                 Conj/Fire      ####......   6%          5    ######.
 Throw Flame              Conj/Fire      ####..       1%          2    ##.....
 Stone Arrow              Conj/Erth      ###...       3%          3    ###....
 Passwall                 Tmut/Erth      #.......     9%          2    ##.....
 Lee's Rapid Deconstruct  Erth           #.........   82%         5    ######.
 Sandblast                Erth           #.....       6%          1    None
 Petrify                  Tmut/Erth      #.......     47%         4    ####...
 Inner Flame              Hex/Fire       ###.....     3%          3    ###....


Dungeon Overview and Level Annotations

Branches:
Dungeon (9/15)             Temple (1/1) D:5
   Lair: D:8-11         Orc: D:9-12

Altars:
Ashenzari
Dithmenos
Makhleb
Qazlal
Ru
Vehumet
Zin
The Shining One

Annotations:
D:6 exclusion: statue


Innate Abilities, Weirdness & Mutations

You are resistant to torment.
Your stone body is resilient. (AC +7)
You are immune to poison.
You resist negative energy. (rN+)
You are resistant to electric shocks. (rElec)
You can survive without breathing.
You are immune to petrification.
You are immune to rotting.


Message History

The yaktaur captain is lightly wounded.
The yaktaur captain burns!
The yaktaur captain hits you but does no damage.
You hit the yaktaur captain.
The yaktaur captain is poisoned.
The yaktaur captain is lightly wounded.
The yaktaur captain burns!
The yaktaur captain hits you!
You hit the yaktaur captain.
The yaktaur captain looks as sick as possible!
The yaktaur captain is moderately wounded.
The yaktaur captain burns!
The yaktaur captain hits you but does no damage.
You hit the yaktaur captain but do no damage.
The yaktaur captain looks as sick as possible!
The yaktaur captain is heavily wounded.
The yaktaur captain burns!
The yaktaur captain hits you!
You hit the yaktaur captain.
The yaktaur captain looks as sick as possible!
The yaktaur captain is heavily wounded.
The yaktaur captain burns!
The yaktaur captain hits you.
You hit the yaktaur captain.
The yaktaur captain looks as sick as possible!
The yaktaur captain is severely wounded.
The yaktaur captain burns!
The yaktaur captain hits you but does no damage.
You hit the yaktaur captain.
The yaktaur captain looks as sick as possible!
The yaktaur captain is severely wounded.
The yaktaur captain burns!
The yaktaur captain hits you!!
* * * LOW HITPOINT WARNING * * *
You hit the yaktaur captain but do no damage.
The yaktaur captain is severely wounded.
The yaktaur captain burns!
The yaktaur captain barely misses you.
You hit the yaktaur captain but do no damage.
The yaktaur captain looks as sick as possible!
The yaktaur captain is almost dead.
The yaktaur captain burns!
The yaktaur captain hits you!! The Shining One protects you from harm!
You completely miss the yaktaur captain.
The yaktaur captain is almost dead.
You kill the yaktaur captain!
Your Fighting skill increases to level 7!
Your Invocations skill increases to level 7!
Your Evocations skill increases to level 6!
You start resting.
Magic restored.
You start resting.
All of the chunks of flesh in your inventory have rotted away.
HP restored.
Things that are here:
an uncursed arbalest; 16 bolts You see here a bolt.
A sphinx comes into view.
The sphinx shouts!
Found a glowing rapier, a glowing falchion and a runed battleaxe.
You see here a bolt.
Casting: Sticky Flame (safe; 2% risk of failure)
Confirm with . or Enter, or press ? or * to list all spells.
Aiming: Sticky Flame (safe; 2% risk of failure)
Press: ? - help, Shift-Dir - straight line, f - sphinx
Aim: a sphinx (haloed)
The sticky flame hits the sphinx.
The sphinx is lightly wounded.
The sphinx is covered in liquid flames!
The sphinx burns!
The sphinx barely misses you. The sphinx closely misses you.
The sphinx hits you but does no damage.
Unknown command.
You hit the sphinx.
The sphinx is poisoned.
The sphinx is lightly wounded.
The sphinx burns!
The sphinx closely misses you. The sphinx barely misses you.
The sphinx hits you but does no damage. The sphinx hits you! x2
The sphinx hits you but does no damage.
Unknown command.
You hit the sphinx.
The sphinx is lightly wounded.
The sphinx burns!
The sphinx hits you! The sphinx hits you. The sphinx barely misses you.
You hit the sphinx but do no damage.
The sphinx looks as sick as possible!
The sphinx is moderately wounded.
The sphinx burns!
The sphinx stops burning.
The sphinx completely misses you. The sphinx hits you. x2
Unknown command.
Casting: Sticky Flame (safe; 2% risk of failure)
Confirm with . or Enter, or press ? or * to list all spells.
Aiming: Sticky Flame (safe; 2% risk of failure)
Press: ? - help, Shift-Dir - straight line, f/p - sphinx
Aim: a sphinx (moderately wounded, poisoned, haloed)
You miscast Sticky Flame.
You are very lightly contaminated with residual magic.
Strange energies run through your body. The sphinx hits you!
The sphinx hits you. The sphinx hits you but does no damage.
Unknown command.
You barely miss the sphinx.
The sphinx is moderately wounded.
The sphinx mumbles some strange words.
You suddenly lose the ability to move!
The sphinx hits you!!
* * * LOW HITPOINT WARNING * * *
The sphinx barely misses you. The sphinx hits you but does no damage.
The sphinx hits you!
You die...

##...##
#...######.#####
...###
####...####..#...
.###
#.####...##..#.## ##
# #.# ###........#
##. #.# ###...####
##)))##
#.#######...##
#.)8)..###
##.......##.##
#H.###.#######...##
#.#@##.## ###....###
#.##.#.#####...##....
#.#
##)####)..######## ##
####..[###### #
#...##)....# #
#..#........# # #.
#........#####
#..##.>...........
#...........######


You could see a sphinx.

Vanquished Creatures
  A yaktaur captain (D:9)
  A two-headed ogre (D:8)
  Pikel (D:5)
  A hippogriff (D:9)
  Grum (D:9)
  2 yaks (D:8)
  An orc warrior (D:8)
  7 ice beasts
  3 sky beasts
  2 necrophages (D:9)
  2 ogres
  2 wolves
  4 centaurs
  A phantom (D:4)
  4 bullfrogs
  Blork the orc (D:6)
  A jelly (D:8)
  3 water moccasin zombies (Ossuary)
  A scorpion (D:7)
  2 howler monkeys (D:6)
  A crimson imp (D:8)
  A bullfrog zombie (D:5)
  A bullfrog skeleton (D:8)
  A hound (D:4)
  7 orc priests
  5 orc wizards
  An iguana (D:5)
  Natasha (thrice) (D:2)
  4 worker ants
  3 big kobold zombies (Ossuary)
  A hound skeleton (D:6)
  2 mummies (Ossuary)
  A howler monkey zombie (D:9)
  3 worker ant zombies
  A gnoll (D:4)
  A howler monkey skeleton (D:6)
  9 adders
  2 shadow imps
  2 oozes (D:4)
  8 adder zombies
  5 worms
  2 dart slugs (D:1)
  7 leopard geckos
  13 orcs
  3 giant cockroaches (D:3)
  4 gnoll zombies (Ossuary)
  9 hobgoblins
  16 jackals
  11 kobolds
  5 quokkas
  A ball python (D:4)
  5 bats
  7 frilled lizards
  8 goblins
  3 hobgoblin zombies (Ossuary)
  4 kobold zombies (Ossuary)
  A leopard gecko skeleton (D:6)
  7 orc zombies (Ossuary)
  3 quokka skeletons
  2 rats
214 creatures vanquished.

Vanquished Creatures (others)
  A plant (D:2)
1 creature vanquished.

Grand Total: 215 creatures vanquished

Notes
Turn   | Place    | Note
-------+----------+-------------------------------------------
     0 | D:1      | magipi the Gargoyle Fire Elementalist began the quest for the Orb.
     0 | D:1      | Reached XP level 1. HP: 10/10 MP: 3/3
   133 | D:1      | Reached XP level 2. HP: 15/15 MP: 0/5
   562 | D:1      | Reached XP level 3. HP: 13/19 MP: 0/6
  1013 | D:2      | Learned a level 3 spell: Conjure Flame
  1433 | D:2      | Noticed Natasha
  1464 | D:2      | Killed Natasha
  1464 | D:2      | Reached XP level 4. HP: 3/24 MP: 0/7
  1985 | D:2      | Noticed Natasha
  1989 | D:2      | Killed Natasha
  2394 | D:2      | Noticed Natasha
  2408 | D:2      | Killed Natasha
  2408 | D:2      | Reached XP level 5. HP: 28/28 MP: 0/8
  2551 | D:3      | Learned a level 4 spell: Sticky Flame
  2757 | D:3      | Found a faded altar of an unknown god.
  3214 | D:4      | Noticed a phantom
  3408 | D:4      | Found a burning altar of Makhleb.
  3408 | D:4      | Noticed an Executioner
  3444 | D:4      | Noticed an ogre
  3493 | D:4      | Reached skill level 5 in Fire Magic
  3593 | D:4      | Reached XP level 6. HP: 30/32 MP: 6/9
  3823 | D:4      | Killed a phantom
  4103 | D:4      | Reached skill level 5 in Conjurations
  4216 | D:5      | Entered Level 5 of the Dungeon
  4407 | D:5      | Reached XP level 7. HP: 29/36 MP: 0/10
  4534 | D:5      | Found a staircase to the Ecumenical Temple.
  4539 | Temple   | Entered the Ecumenical Temple
  4549 | Temple   | Became a worshipper of the Shining One
  4592 | D:5      | Found a glowing golden altar of the Shining One.
  4626 | D:5      | Noticed Pikel
  4818 | D:5      | Killed Pikel
  4818 | D:5      | Reached XP level 8. HP: 26/41 MP: 6/11
  5905 | D:6      | Found a radiant altar of Vehumet.
  5948 | D:6      | Found a sand-covered staircase.
  5955 | Ossuary  | Entered an ossuary
  5987 | Ossuary  | Reached * piety under the Shining One
  6110 | Ossuary  | Reached ** piety under the Shining One
  6298 | Ossuary  | Reached XP level 9. HP: 45/45 MP: 6/15
  6368 | D:6      | Got an encrusted leather armour
  6643 | D:6      | Reached *** piety under the Shining One
  6668 | D:6      | Reached skill level 1 in Fighting
  6668 | D:6      | Reached skill level 1 in Invocations
  6668 | D:6      | Reached skill level 1 in Evocations
  6740 | D:6      | Noticed Blork the orc
  6760 | D:6      | Killed Blork the orc
  8123 | D:8      | Noticed a two-headed ogre
  8137 | D:8      | Killed a two-headed ogre
  8137 | D:8      | Reached skill level 5 in Fighting
  8137 | D:8      | Reached skill level 5 in Invocations
  8137 | D:8      | Reached XP level 10. HP: 53/59 MP: 7/16
  8204 | D:8      | Identified the cursed +0 leather armour of Absence {*Corrode MR+++ Dex+4 Slay+4} (You found it on level 6 of the Dungeon)
  8377 | D:8      | Reached **** piety under the Shining One
  8840 | D:9      | Noticed Grum
  8854 | D:9      | Killed Grum
  8854 | D:9      | Reached skill level 5 in Evocations
  9358 | D:9      | Noticed a yaktaur captain
  9376 | D:9      | The Shining One protects you from harm!
  9377 | D:9      | Killed a yaktaur captain
  9454 | D:9      | Noticed a sphinx
  9461 | D:9      | Paralysed by a sphinx for 7 turns
  9462 | D:9      | HP: 3/63 [sphinx (19)]
  9463 | D:9      | Mangled by a sphinx

Skill      XL: |  1  2  3  4  5  6  7  8  9 10 |
---------------+-------------------------------+-----
Conjurations   | 2 3 4 5 6 8 |  8.0
Fire Magic     | 4 5 7 8 |  8.0
Spellcasting   | 4 |  4.0
Fighting       | 5 7 |  7.2
Invocations    | 5 7 |  7.2
Evocations     | 4 6 |  6.0
Dodging        | |  1.5
Stealth        | |  2.1

Action                   |  1- 3 |  4- 6 |  7- 9 | 10-12 || total
-------------------------+-------+-------+-------+-------++-------
Melee: Short sword       |    25 |   136 |    53 |       ||   214
       Whip              |       |       |   180 |       ||   180
       Dagger            |       |       |    14 |   141 ||   155
 Cast: Flame Tongue      |    69 |   122 |     2 |       ||   193
       Sticky Flame      |       |     2 |    43 |    25 ||    70
       Conjure Flame     |       |       |     9 |     2 ||    11
Evoke: Wand              |       |       |     2 |       ||     2
  Use: Scroll            |     5 |     5 |     8 |     3 ||    21
       Potion            |     1 |       |       |       ||     1
 Stab: Sleeping          |       |     4 |       |       ||     4
       Distracted        |       |     1 |       |       ||     1
  Eat: Chunk             |     2 |     9 |     9 |     9 ||    29
       Ration            |       |     1 |     4 |       ||     5
Armor: Robe              |    18 |       |     8 |    56 ||    82
       Leather armour    |     9 |    52 |    88 |       ||   149
Dodge: Dodged            |    36 |   113 |   142 |   103 ||   394

Action                   |  1- 3 |  4- 6 |  7- 9 | 10-12 || total
-------------------------+-------+-------+-------+-------++-------
Melee: Short sword       |    25 |   136 |    53 |       ||   214
       Whip              |       |       |   180 |       ||   180
       Dagger            |       |       |    14 |   141 ||   155
 Cast: Flame Tongue      |    69 |   122 |     2 |       ||   193
       Sticky Flame      |       |     2 |    43 |    25 ||    70
       Conjure Flame     |       |       |     9 |     2 ||    11
Evoke: Wand              |       |       |     2 |       ||     2
  Use: Scroll            |     5 |     5 |     8 |     3 ||    21
       Potion            |     1 |       |       |       ||     1
 Stab: Sleeping          |       |     4 |       |       ||     4
       Distracted        |       |     1 |       |       ||     1
  Eat: Chunk             |     2 |     9 |     9 |     9 ||    29
       Ration            |       |     1 |     4 |       ||     5
Armor: Robe              |    18 |       |     8 |    56 ||    82
       Leather armour    |     9 |    52 |    88 |       ||   149
Dodge: Dodged            |    36 |   113 |   142 |   103 ||   394
